AoeStats
← cgan13289

Arena

510739608Analyzed
4v4 RM · 13h ago on Oct 2, 2026· 34m 4s· 8 players
Game mode
Random Map
Map size
Large (8 player)
Population
200
Speed
Normal
Resources
Standard
Victory
Conquest
Starting age
Dark Age
Ending age
Imperial Age
RankedLock teamsTeams togetherTeam positionsShared explorationLock speedFull tech treeHidden civsTurbo modeCheats
Victory
Defeat
🇭🇰 Britons · Hong Kong SAR China
1418
+14
🇯🇵 Maya · Japan
1418
+14
🇹🇼 Saxons · Taiwan
1367
+16
🇨🇳 Franks · China
1350
+16
🇪🇸 Vikings · Spain
1389
-16
🇨🇳 Celts · China
1378
-15
🇩🇪 Cumans · Germany
1356
-15
🇻🇪 Mongols · Venezuela
1340
-14
Aspirante
10:19 Feudal Age
15:13 Castle Age
13:38 Double-Bit Axe
17:47 Scale Mail Armor
22:54 Forging
23:16 Chain Mail Armor
27:21 Horse Collar
Skipper
9:18 Feudal Age
10:05 Double-Bit Axe
10:00 Horse Collar
14:04 Loom
16:01 Gold Mining
17:40 Wheelbarrow
20:40 Castle Age
20:04 Forging
22:08 Hand Cart
24:18 Bloodlines
24:46 Scale Barding Armor
26:33 Chain Barding Armor
27:16 Stone Mining
28:01 Gold Shaft Mining
31:03 Imperial Age
28:54 Town Watch
30:20 Iron Casting
31:51 Gold Shaft Mining
31:55 Cavalier
33:22 Conscription
很蓝的啦
10:42 Feudal Age
11:29 Double-Bit Axe
14:50 Castle Age
12:51 Horse Collar
16:01 Bow Saw
16:18 Heavy Plow
18:40 Loom
20:09 Stone Mining
21:27 Gold Mining
28:47 Gold Shaft Mining
28:56 Wheelbarrow
28:06 Town Watch
32:30 Imperial Age
30:00 Town Patrol
30:11 Scale Mail Armor
30:58 Masonry
31:09 Ballistics
30:45 Arson
31:45 Chain Mail Armor
31:10 Pikeman
32:48 Heavy Scorpion
RagnarLothbrok
10:04 Feudal Age
14:16 Castle Age
12:27 Double-Bit Axe
12:55 Horse Collar
15:20 Bow Saw
16:40 Heavy Plow
16:33 Loom
21:30 Wheelbarrow
22:37 Gold Mining
23:54 Stone Mining
25:11 Gold Shaft Mining
26:35 Stone Shaft Mining
27:50 Stone Shaft Mining
29:56 Imperial Age
27:48 Loom
27:49 Town Watch
28:21 Fletching
29:00 Ballistics
29:07 Bodkin Arrow
29:21 Padded Archer Armor
29:33 Bloodlines
29:24 Husbandry
30:31 Thumb Ring
30:17 Guard Tower
31:04 Parthian Tactics
31:10 Hand Cart
30:55 Town Patrol
32:18 Chemistry
31:49 Bracer
31:26 Capped Ram
31:58 Onager
34:00 Leather Archer Armor
LinG寶寶
10:54 Feudal Age
11:42 Double-Bit Axe
15:47 Castle Age
14:47 Horse Collar
16:40 Bow Saw
22:10 Wheelbarrow
23:06 Hand Cart
24:44 Loom
25:05 Fletching
25:15 Padded Archer Armor
29:52 Stone Mining
30:34 Loom
32:51 Crossbowman
33:28 Bodkin Arrow
33:49 Leather Archer Armor
god comic
0:26 Loom
10:40 Feudal Age
14:30 Castle Age
12:38 Double-Bit Axe
13:14 Horse Collar
15:27 Gold Mining
15:52 Fletching
17:43 Fletching
19:24 Padded Archer Armor
19:28 Bodkin Arrow
19:37 Town Watch
21:50 Ballistics
23:59 Padded Archer Armor
24:41 Wheelbarrow
25:50 Leather Archer Armor
30:17 Heavy Plow
35:34 Imperial Age
33:06 Scale Mail Armor
33:14 Squires
33:00 Arson
33:42 Pikeman
33:43 Eagle Warrior
34:39 Chain Mail Armor
34:35 Forging
cgan13289
10:32 Feudal Age
11:42 Double-Bit Axe
11:57 Horse Collar
14:28 Castle Age
15:37 Bow Saw
17:25 Loom
23:49 Heavy Plow
23:57 Gold Mining
25:40 Wheelbarrow
24:51 Town Watch
25:26 Stone Mining
26:12 Fortified Wall
29:41 Imperial Age
27:54 Scale Mail Armor
28:05 Forging
27:50 Treadmill Crane
28:58 Gold Shaft Mining
29:06 Chain Mail Armor
29:28 Iron Casting
28:58 Gambesons
29:13 Squires
28:59 Arson
29:48 Elite Varangian Guard
31:30 Plate Mail Armor
31:33 Crop Rotation
32:13 Two-Man Saw
31:35 Conscription
31:20 Pikeman
32:34 Halberdier
34:25 Fletching
34:36 Padded Archer Armor
34:01 Shield Wall
297539664
9:39 Feudal Age
13:20 Castle Age
14:02 Double-Bit Axe
15:21 Bow Saw
22:40 Gold Mining
25:24 Wheelbarrow
25:32 Gold Shaft Mining
28:53 Imperial Age
26:43 Scale Barding Armor
26:48 Forging
27:54 Chain Barding Armor
27:35 Husbandry
29:33 Hand Cart
28:55 Cavalier
30:11 Plate Barding Armor
30:12 Iron Casting
29:44 Chivalry
30:22 Paladin
Connection lost

Rejoining the realm…

Still unreachable

The connection could not be restored.

Session expired

The server has moved on; the page needs a fresh start.